 Dungeon Crawl Stone Soup version 0.30.1-11-g7821555f0a (webtiles) character file.

Game seed: 3918591471453243118

99 Fortress the Grave Robber (level 4, -3/30 HPs)
             Began as a Demonspawn Necromancer on Jan 13, 2024.
             Slain by Crazy Yiuf
             ... wielding a +4 quarterstaff of chaos
              (19 damage)
             ... on level 2 of the Dungeon.
             The game lasted 00:05:56 (1984 turns).

Fortress the Grave Robber (Demonspawn Necromancer)  Turns: 1984, Time: 00:06:00

Health: -3/30      AC:  3    Str:  8    XL:     4   Next: 45%
Magic:  5/8        EV: 12    Int: 24    God:
Gold:   140        SH:  0    Dex: 14    Spells: 7/8 levels left

rFire   . . .        d - +0 short sword
rCold   . . .        (no shield)
rNeg    . . .        a - +0 robe
rPois   .            (helmet restricted)
rElec   .            q - +0 cloak
rCorr   .            (no gloves)
SInv    .            (no boots)
Will    .....        (no amulet)
Stlth   ++           n - +6 ring of intelligence
HPRegen 0.25/turn    (no ring)
MPRegen 0.11/turn

%: no passive effects
@: no status effects
A: claws 1, hooves 1, horns 1
a: no special abilities


You were on level 2 of the Dungeon.
You visited 1 branch of the dungeon, and saw 3 of its levels.

You collected 140 gold pieces.

Inventory:

Hand Weapons
 d - a +0 short sword (weapon)
Armour
 a - a +0 robe (worn)
 q - a +0 cloak (worn)
Jewellery
 n - a +6 ring of intelligence (left claw)
Scrolls
 c - 2 scrolls of vulnerability {unknown}
 g - a scroll of enchant armour {unknown}
 h - a scroll of enchant weapon {unknown}
 j - a scroll of fog {unknown}
 k - 3 scrolls of teleportation {unknown}
 o - a scroll of identify {unknown}
 p - a scroll of amnesia {unknown}
Potions
 b - a potion of magic
 e - a potion of ambrosia {unknown}
 f - 2 potions of curing
 i - a potion of degeneration {unknown}
 l - a potion of heal wounds {unknown}
 m - a potion of attraction {unknown}


   Skills:
 + Level 0.2 Fighting
 - Level 0.2 Short Blades
 + Level 1.9 Dodging
 + Level 1.9 Stealth
 + Level 2.9 Spellcasting
 + Level 5.7 Necromancy


You had 7 spell levels left.
You knew the following spells:

 Your Spells              Type           Power      Damage    Failure   Level
a - Necrotise             Necr           100%       1d9       1%          1

Your spell library contained the following spells:

 Spells                   Type           Power      Damage    Failure   Level
 Vampiric Draining        Necr           31%        2d8       3%          3
 Animate Dead             Necr           31%        N/A       11%         4
 Ensorcelled Hibernation  Hex/Ice        6%         N/A       17%         2
 Passwall                 Tmut/Erth      2%         N/A       17%         2
 Agony                    Necr           31%        N/A       28%         5
 Swiftness                Air            3%         N/A       32%         3
 Fireball                 Conj/Fire      1%         3d3       97%         5
 Iskenderun's Battlesphe  Conj           3%         2d6       97%         5
 Conjure Ball Lightning   Conj/Air       1%         3x3d6     100%        6
 Orb of Destruction       Conj           1%         9d5       100%        7


Dungeon Overview and Level Annotations

Branches:
Dungeon (3/15)

Altars:

Shops:
D:2 (

Annotations:
D:2 Crazy Yiuf


Innate Abilities, Weirdness & Mutations

You have sharp fingernails.
You have large cloven feet.
You have a pair of small horns on your head.


Message History

You see here a +0 club.
Casting: Necrotise (safe; 1% risk of failure)
Confirm with . or Enter, or press ? or * to list all spells.
Aiming: Necrotise (safe; 1% risk of failure)
Press: ? - help, Shift-Dir - straight line, f - giant cockroach
Aim: a giant cockroach (chance to affect: 93%)
The giant cockroach writhes in agony!
You kill the giant cockroach!
You see here a +0 club.
You see here 7 stones.
You see here a frilled lizard corpse.
Things that are here:
a +0 dagger; 5 stones Crazy Yiuf shouts!
You open the door.
Casting: Necrotise (safe; 1% risk of failure)
Confirm with . or Enter, or press ? or * to list all spells.
Aiming: Necrotise (safe; 1% risk of failure)
Press: ? - help, Shift-Dir - straight line, f - Crazy Yiuf
Aim: Crazy Yiuf, wielding a +4 quarterstaff of chaos and wearing a +0 cloak (chance to affect: 88%) Crazy Yiuf writhes in agony!
Crazy Yiuf whimpers, "Fire arm testudinal!"
Crazy Yiuf barely misses you.
Casting: Necrotise (safe; 1% risk of failure)
Confirm with . or Enter, or press ? or * to list all spells.
Aiming: Necrotise (safe; 1% risk of failure)
Press: ? - help, Shift-Dir - straight line, f/p - Crazy Yiuf
Aim: Crazy Yiuf, wielding a +4 quarterstaff of chaos and wearing a +0 cloak (moderately wounded, chance to affect: 88%) Crazy Yiuf writhes in agony!
Crazy Yiuf hits you with a +4 quarterstaff of chaos!
Crazy Yiuf burns you.
Casting: Necrotise (safe; 1% risk of failure)
Confirm with . or Enter, or press ? or * to list all spells.
Aiming: Necrotise (safe; 1% risk of failure)
Press: ? - help, Shift-Dir - straight line, f/p - Crazy Yiuf
Aim: Crazy Yiuf, wielding a +4 quarterstaff of chaos and wearing a +0 cloak (severely wounded, chance to affect: 88%) Crazy Yiuf barely resists.
Crazy Yiuf hits you with a +4 quarterstaff of chaos!!
Ouch! That really hurt!
You die...

#..##.##........#.#
#..
##.##.#########.#.#
####. #.##.#
#.#.####.... ######
#####....... #.##....
#.#####. ### ♣♣###.#
#. #)..#♣♣ ♣♣P.+..# #.
#...g@♣♣♣♣......# ##
#...#♣..♣.PP....# #
### ♣♣♣.♣...+..# #
♣♣♣♣♣##### #
######################
#.......)..........(..
######################


You could see Crazy Yiuf.

Vanquished Creatures
  7 adders
  2 worms (D:2)
  A dart slug (D:2)
  2 ball pythons
  3 bats
  4 endoplasms (D:2)
  A giant cockroach (D:2)
  3 goblins
  A hobgoblin (D:2)
  3 kobolds
  3 frilled lizards (D:2)
  A rat (D:1)
  A spectral kobold (D:1)
32 creatures vanquished.

Vanquished Creatures (collateral kills)
  A giant cockroach (D:2)
1 creature vanquished.

Grand Total: 33 creatures vanquished

Notes
Turn   | Place    | Note
-------+----------+-------------------------------------------
     0 | D:1      | Fortress the Demonspawn Necromancer began the quest for the
                  | Orb.
     0 | D:1      | Reached XP level 1. HP: 13/13 MP: 3/3
   187 | D:1      | Found a faded altar of an unknown god.
   741 | D:2      | Discovered your monstrous ancestry.
   741 | D:2      | Gained mutation: You have large cloven feet. [demonic
                  | ancestry]
   741 | D:2      | Reached XP level 2. HP: 19/19 MP: 1/5
   779 | D:2      | Reached skill level 5 in Necromancy
   910 | D:2      | Gained mutation: You have a pair of small horns on your
                  | head. [demonic ancestry]
   910 | D:2      | Reached XP level 3. HP: 22/24 MP: 0/6
  1034 | D:2      | Found Uddaeby's Weapon Emporium.
  1245 | D:3      | Gained mutation: You have sharp fingernails. [demonic
                  | ancestry]
  1245 | D:3      | Reached XP level 4. HP: 14/30 MP: 0/7
  1747 | D:2      | Found a runed translucent door.
  1748 | D:2      | Noticed Crazy Yiuf
  1984 | D:2      | Slain by Crazy Yiuf

Illustrated notes

Levels and vault maps discovered:
D:1:      lemuel_arrival_broad_hall, layout_loops_ring,
          dreamdust_ecumenical_altar_drowned_temple, minmay_misc_feat_pillars
D:2:      layout_loops_ring, serial_shops, nicolae_shop_bloodbath_and_beyond,
          minmay_domino_4, uniq_crazy_yiuf_cottage
D:3:      layout_basic, gammafunk_temple_overflow_elements, uniq_natasha

Skill      XL: |  1  2 |
---------------+-------+-----
Necromancy     | 5 |  5.7
Fighting       | |  0.2
Short Blades   | |  0.2
Dodging        | |  1.9
Stealth        | |  1.9
Spellcasting   | |  2.9

Action                     |  1- 3 |  4- 6 || total
---------------------------+-------+-------++-------
  Melee: Short sword       |    24 |     4 ||    28
         Unarmed           |     1 |       ||     1
         Kick              |     1 |     2 ||     3
   Cast: Necrotise         |    33 |    23 ||    56
    Use: Potion            |     1 |       ||     1
   Stab: Sleeping          |     1 |     1 ||     2
 Armour: Robe              |     5 |       ||     5
  Dodge: Dodged            |    28 |     5 ||    33
